 Dungeon Crawl Stone Soup version 0.31-a0-240-gb923e448b6 (webtiles) character file.

Game seed: 12361051986066339141

156 qw the Shooter (level 5, -3/30 HPs)
             Began as a Gargoyle Hexslinger on July 11, 2023.
             Slain by Duvessa
             ... wielding a +0 rapier
              (7 damage)
             ... on level 4 of the Dungeon.
             The game lasted 00:00:56 (1975 turns).

qw the Shooter (Gargoyle Hexslinger)                Turns: 1975, Time: 00:00:57

Health: -3/30      AC: 10    Str: 12    XL:     5   Next: 37%
Magic:  6/6        EV: 16    Int: 13    God:
Gold:   111        SH:  0    Dex: 20    Spells: 5/6 levels left

rFire   . . .        Y - +1 sling
rCold   . . .        (no shield)
rNeg    + . .        b - +0 ring mail
rPois   inf          g - +0 helmet
rElec   +            (no cloak)
rCorr   .            (no gloves)
SInv    .            (no boots)
Will    .....        o - amulet of regeneration
Stlth   +            f - +5 ring of evasion
HPRegen 1.05/turn    j - +6 ring of dexterity
MPRegen 0.10/turn

%: no passive effects
@: no status effects
A: sickness immunity, AC +4, negative energy resistance 1, electricity
resistance, torment resistance 1, petrification resistance
a: no special abilities


You were on level 4 of the Dungeon.
You visited 1 branch of the dungeon, and saw 4 of its levels.

You collected 111 gold pieces.


Innate Abilities, Weirdness & Mutations

You are immune to sickness and miasma.
Your stone body is resilient. (AC +4)
You are immune to poison.
You resist negative energy. (rN+)
You are resistant to electric shocks. (rElec)
You are resistant to unholy torment.
You are immune to petrification.


   Skills:
 + Level 2.0 Fighting
 - Level 5.0 Ranged Weapons
 - Level 1.0 Armour
 - Level 1.5 Dodging
 - Level 1.0 Spellcasting
 - Level 2.6 Hexes


You had 5 spell levels left.
You knew the following spells:

 Your Spells              Type           Power      Damage    Failure   Level
a - Slow                  Hex            28%        N/A       22%         1

Your spell library contained the following spells:

 Spells                   Type           Power      Damage    Failure   Level
 Inner Flame              Hex/Fire       4%         N/A       73%         3
 Portal Projectile        Hex/Tloc       8%         N/A       73%         3
 Cause Fear               Hex            3%         N/A       91%         4

Inventory:

Hand Weapons
 Y - a +1 sling (weapon)
Armour
 b - a +0 ring mail (worn)
 g - a +0 helmet (worn)
Jewellery
 f - a +5 ring of evasion (left hand)
 j - a +6 ring of dexterity (right hand)
 o - an amulet of regeneration (around neck)
Scrolls
 i - 4 scrolls of teleportation
Potions
 c - a potion of degeneration {unknown}
 h - a potion of mutation {unknown}
 m - a potion of heal wounds
 n - a potion of curing {unknown}

Dungeon Overview and Level Annotations

Branches:
Dungeon (4/15)             Temple (0/1) D:4

Altars:

Annotations:
D:4 Dowan, Duvessa


Message History

You shoot a sling bullet. The sling bullet hits Duvessa.
Duvessa is lightly wounded.
You shoot a sling bullet. The sling bullet barely misses Duvessa.
The sling bullet closely misses Dowan.
You shoot a sling bullet.
The sling bullet hits Duvessa but does no damage.
Duvessa is lightly wounded.
Duvessa hits you with a +0 rapier.
Dowan says, "Magic and the sword, together, will defeat you."
Duvessa hits you with a +0 rapier.
You shoot a sling bullet. The sling bullet hits Duvessa.
Duvessa is moderately wounded.
Duvessa hits you but does no damage.
Dowan says, "Magic and the sword, together, will defeat you."
Dowan gestures wildly while chanting.
Dowan blinks!
Duvessa hits you with a +0 rapier!
You shoot a sling bullet.
The sling bullet closely misses Duvessa.
Duvessa barely misses you.
Dowan casts a spell.
Dowan blinks!
Duvessa closely misses you.
You shoot a sling bullet.
The sling bullet closely misses Duvessa.
Duvessa misses you.
You shoot a sling bullet.
The sling bullet closely misses Duvessa.
Duvessa hits you with a +0 rapier. x2
You shoot a sling bullet. The sling bullet hits Duvessa.
Duvessa is heavily wounded.
Duvessa hits you with a +0 rapier. Duvessa hits you but does no damage.
You shoot a sling bullet.
The sling bullet hits Duvessa but does no damage.
Duvessa is heavily wounded.
Duvessa closely misses you.
Dowan points at you and mumbles some strange words.
You resist with some effort.
You shoot a sling bullet. The sling bullet hits Duvessa.
Duvessa is heavily wounded.
Duvessa hits you with a +0 rapier! x2
You die...

.##########
..........#
..........#
..e....e..##### #.
#.@....... ...
#......... ....
#.........
P..P#####.........
PPP...^...........
P.PP.......%......
>.P.............#.
.PP..#..........#
PP.P.#..........##


You could see Duvessa (fast) and Dowan.

Vanquished Creatures
  4 adders
  4 gnolls (D:3)
  2 worms (D:2)
  3 dart slugs (D:2)
  An orc (D:3)
  8 endoplasms
  5 giant cockroaches
  9 goblins
  A hobgoblin (D:2)
  2 jackals (D:1)
  9 kobolds
  2 quokkas
  6 ball pythons
  2 bats (D:1)
  3 frilled lizards
  5 rats
66 creatures vanquished.

Notes
Turn   | Place    | Note
-------+----------+-------------------------------------------
     0 | D:1      | qw the Gargoyle Hexslinger began the quest for the Orb.
     0 | D:1      | Reached XP level 1. HP: 12/12 MP: 2/2
     0 | D:1      | 0 ||| qw: Version: 0.3-a-52-g30416fa
     0 | D:1      | 0 ||| qw: Game counter: 6006
     0 | D:1      | 0 ||| qw: Melee chars always use a shield: true
     0 | D:1      | 0 ||| qw: God list: Okawaru
     0 | D:1      | 0 ||| qw: Allow faded altars: false
     0 | D:1      | 0 ||| qw: Do Orc after clearing Dungeon:15 true
     0 | D:1      | 0 ||| qw: Do second Lair branch before Depths: true
     0 | D:1      | 0 ||| qw: Lair rune preference: random
     0 | D:1      | 0 ||| qw: Goals: Normal
     0 | D:1      | 0 ||| PLANNING D:1-11
   212 | D:1      | Reached XP level 2. HP: 16/16 MP: 3/3
   383 | D:1      | Reached skill level 3 in Ranged Weapons
   389 | D:1      | Found a faded altar of an unknown god.
   522 | D:1      | Reached XP level 3. HP: 21/21 MP: 4/4
   769 | D:1      | 769 ||| DROPPING ring of wizardry.
   770 | D:1      | 770 ||| UPGRADING to +5 ring of evasion.
   771 | D:1      | 771 ||| UPGRADING to +6 ring of dexterity.
   772 | D:1      | 772 ||| READING scroll labelled HIOGAS QEMOBB.
   773 | D:1      | 773 ||| READING scroll labelled VYRUUC YRHI.
   774 | D:1      | 774 ||| READING 2 scrolls labelled JUN KIEQUMAOLE.
   779 | D:1      | 779 ||| DROPPING scroll of poison.
   913 | D:2      | 913 ||| FLEEEEING.
  1083 | D:2      | Reached XP level 4. HP: 25/26 MP: 5/5
  1132 | D:2      | Identified the +10 mace of Dequakk {heavy, Str+6}
  1140 | D:2      | Reached skill level 4 in Ranged Weapons
  1314 | D:2      | 1314 ||| UPGRADING to +0 ring mail.
  1324 | D:2      | 1324 ||| DROPPING +0 robe.
  1325 | D:2      | 1325 ||| UPGRADING to +0 helmet.
  1330 | D:2      | 1330 ||| UPGRADING to amulet of regeneration.
  1335 | D:2      | 1335 ||| DROPPING ring of see invisible.
  1336 | D:2      | 1336 ||| DROPPING ring of magical power.
  1337 | D:2      | 1337 ||| READING scroll labelled IVOUMU TOANAFF.
  1342 | D:2      | 1342 ||| READING scroll labelled DOOMAINUMM.
  1343 | D:2      | 1343 ||| READING scroll labelled YPIEHU GIZUCVE.
  1344 | D:2      | 1344 ||| DRINKING 2 purple potions.
  1531 | D:3      | Reached skill level 1 in Armour
  1701 | D:3      | Identified the +8 mace "Oletz" {flame, rN++}
  1758 | D:3      | Reached XP level 5. HP: 30/30 MP: 6/6
  1918 | D:3      | 1918 ||| READING scroll labelled FUGROO QIOWK.
  1937 | D:4      | 1937 ||| PLANNING OSSUARY
  1948 | D:4      | Reached skill level 5 in Ranged Weapons
  1950 | D:4      | Found a staircase to the Ecumenical Temple.
  1960 | D:4      | Noticed Dowan
  1964 | D:4      | Noticed Duvessa
  1975 | D:4      | HP: 4/30 [Duvessa/+0 rapier (11)]
  1975 | D:4      | Slain by Duvessa

Levels and vault maps discovered:
D:1:      dpeg_arrival_pits, layout_basic, shapermc_ecumenical_altar_pompeii,
          chequers_serial_rivers_micro_e, st_stairs_7
D:2:      layout_rooms, st_stairs_8, minmay_split_cup_large
D:3:      layout_basic, corexii_hall_statues_t
D:4:      layout_basic, minmay_temple_entry_oklob, chequers_ossuary_entry_cave,
          minmay_pentomino_pile, uniq_duvessa

Skill      XL: |  1  2  3  4  5 |
---------------+----------------+-----
Ranged Weapons | 3 4 5 |  5.0
Fighting       | 2 |  2.0
Armour         | 1 |  1.0
Dodging        | |  1.5
Spellcasting   | |  1.0
Hexes          | |  2.6

Action                     |  1- 3 |  4- 6 || total
---------------------------+-------+-------++-------
   Fire: Sling             |   121 |    89 ||   210
    Use: Scroll            |     3 |     4 ||     7
         Potion            |       |     1 ||     1
 Armour: Robe              |    20 |       ||    20
         Ring mail         |       |     7 ||     7
  Dodge: Dodged            |    38 |    35 ||    73

Table legend:
 A = Non-vault XP
 B = Vault XP
 C = Vault XP percentage of total XP
 D = Non-vault monster count
 E = Vault monster count
 F = Vault count percentage of total count
                 A         B        C        D         E       F
            +---------+---------+-------+---------+---------+-------
      Total |     200 |      23 |  10.3 |      60 |       6 |   9.1
            +---------+---------+-------+---------+---------+-------
        D:1 |      40 |       2 |   4.8 |      24 |       1 |   4.0
        D:2 |      40 |      21 |  34.4 |      17 |       5 |  22.7
        D:3 |     106 |       0 |   0.0 |      18 |       0 |   0.0
        D:4 |      14 |       0 |   0.0 |       1 |       0 |   0.0
            +---------+---------+-------+---------+---------+-------
